 Dungeon Crawl Stone Soup version 0.31.0-11-ge490571c62 (webtiles) character file.

Game seed: 12370945474932223406

175920 Zeor the Markskobold (level 18, -14/121 HPs)
             Began as a Kobold Hunter on Jan 29, 2024.
             Was the Champion of Fedhas.
             Demolished by Agnes
             ... wielding a +2 lajatang of speed
              (19 damage)
             ... on level 1 of the Snake Pit on Jan 30, 2024.
             The game lasted 02:20:00 (35019 turns).

Zeor the Markskobold (Kobold Hunter)               Turns: 35019, Time: 02:20:05

Health: -14/121    AC: 20    Str:  8    XL:     18   Next: 45%
Magic:  0/36       EV: 29    Int: 12    God:    Fedhas [******]
Gold:   1860       SH:  5    Dex: 25    Spells: 17/17 levels left

rFire   + . .        a - +9 orcbow of Dominance {freeze, rPois rF+ MP+9}
rCold   . . .        (shield currently unavailable)
rNeg    . . .        L - +2 ring mail {rPois}
rPois   +            w - +2 hat of the Bear Spirit {Spirit, Bear, *Rage Will++}
rElec   .            N - +2 cloak
rCorr   .            (no gloves)
SInv    .            X - +1 pair of boots of Gozag's Benevolence {Regen+}
Will    +++..        O - amulet of reflection
Stlth   ++++         Z - +4 ring of protection
HPRegen 1.20/turn    j - +5 ring of evasion
MPRegen 0.25/turn

%: random rage (20%), reflection, guardian spirit
@: no status effects
A: small, no large weapons, nightstalker 3
}: 1/15 runes: decaying
a: Renounce Religion, Wall of Briars, Grow Ballistomycete, Overgrow, Grow Oklob


You were on level 1 of the Snake Pit.
You worshipped Fedhas.
Fedhas was exalted by your worship.
You visited 7 branches of the dungeon, and saw 29 of its levels.
You also visited: Bailey and Volcano.

You collected 2710 gold pieces.
You spent 850 gold pieces at shops.

Inventory:

Hand Weapons
 a - the +9 orcbow of Dominance (weapon) {freeze, rPois rF+ MP+9}
   (You found it on level 5 of the Lair of Beasts)

   rF+:       It protects you from fire.
   rPois:     It protects you from poison MP+9: It affects your magic capacity
   (+9).
 b - the +6 rapier of Cezif {freeze, rF- Will+ Int+3 Stlth+}
   (You found it on level 2 of the Lair of Beasts)

   Int+3:     It affects your intelligence (+3).
   rF-:       It makes you vulnerable to fire.
   Will+:     It increases your willpower.
   Stlth+:    It makes you more stealthy.
Missiles
 E - 12 curare-tipped darts
 U - 2 throwing nets
Armour
 v - the +2 leather armour "Woorr" {rF- Slay+5 SInv Stlth-}
   (You took it off an orc on level 7 of the Dungeon)

   Slay+5:    It affects your accuracy & damage with ranged weapons and melee
   (+5).
   rF-:       It makes you vulnerable to fire.
   SInv:      It lets you see invisible.
   Stlth-:    It makes you less stealthy.
 w - the +2 hat of the Bear Spirit (worn) {Spirit, Bear, *Rage Will++}
   (You found it on level 4 of the Dungeon)

   Bear:      Going berserk makes the wearer exceptionally tough, and they are
   slowed for a shorter time afterward.
   Will++:    It greatly increases your willpower.
   *Rage:     It berserks you when you make melee attacks (+20% chance).
 L - a +2 ring mail of poison resistance (worn)
 N - a +2 cloak (worn)
 X - the +1 pair of boots of Gozag's Benevolence (worn) {Regen+}
   (You found it on level 1 of the Lair of Beasts)

   Regen+:    It increases your rate of health regeneration.
Jewellery
 d - a ring of resist corrosion
 j - a +5 ring of evasion (right hand)
 m - a ring of flight
 p - a ring of positive energy
 H - a ring of ice
 J - the ring "Ehae" {Fire Will+ Str+3}
   (You found it on level 2 of the Lair of Beasts)

   [ring of fire]

   Fire:      It enhances your fire magic.
   Str+3:     It affects your strength (+3).
   rF+:       It protects you from fire.
   rC-:       It makes you vulnerable to cold.
   Will+:     It increases your willpower.
 O - an amulet of reflection (around neck)
 R - a ring of fire
 T - a ring of protection from cold
 Z - a +4 ring of protection (left hand)
Wands
 c - a wand of iceblast (16)
 s - a wand of charming (34)
 F - a wand of polymorph (31)
 G - a wand of mindburst (19)
 I - a wand of flame (39)
 S - a wand of acid (12)
 W - a wand of digging (4)
Scrolls
 e - 3 scrolls of revelation
 i - 2 scrolls of fear
 k - a scroll of silence
 q - 2 scrolls of butterflies
 t - 5 scrolls of poison
 y - 14 scrolls of identify
 A - 3 scrolls of fog
 B - 5 scrolls of teleportation
 K - 2 scrolls of enchant weapon
 V - 3 scrolls of immolation
 Y - 2 scrolls of enchant armour
Potions
 f - a potion of ambrosia
 l - 2 potions of invisibility
 n - 2 potions of brilliance
 o - 2 potions of haste
 r - 6 potions of attraction
 u - 11 potions of curing
 x - 4 potions of enlightenment
 z - 5 potions of mutation
 C - 3 potions of berserk rage
 D - 3 potions of resistance
 M - 7 potions of heal wounds
 P - 3 potions of cancellation
 Q - 2 potions of magic
Miscellaneous
 g - a tin of tremorstones (2/2)
 h - a phantom mirror (inert)


   Skills:
 * Level 16.3 Fighting
 + Level 11.3 Short Blades
 + Level 19.3 Ranged Weapons
 + Level 7.1 Armour
 * Level 14.7 Dodging
 + Level 4.8 Stealth
 + Level 3.2 Shields
 * Level 13.1 Invocations
 * Level 14.0 Evocations


You had 17 spell levels left.
You didn't know any spells.
Your spell library contained the following spells:

 Spells                   Type           Power      Damage    Failure   Level
 Sandblast                Erth           0%         2d4       65%         1
 Call Imp                 Summ           0%         N/A       78%         2
 Lesser Beckoning         Tloc           0%         N/A       78%         2
 Sublimation of Blood     Necr           0%         N/A       78%         2
 Gell's Gravitas          Tloc           0%         N/A       95%         3
 Passwall                 Erth           0%         N/A       95%         3
 Stone Arrow              Conj/Erth      0%         3d7       95%         3
 Teleport Other           Tloc           0%         N/A       95%         3
 Tukima's Dance           Hex            0%         N/A       95%         3
 Anguish                  Hex/Necr       0%         N/A       100%        4
 Brom's Barrelling Bould  Conj/Erth      0%         2d3       100%        4
 Cause Fear               Hex            0%         N/A       100%        4
 Dimensional Bullseye     Hex/Tloc       0%         N/A       100%        4
 Iskenderun's Mystic Bla  Conj/Tloc      0%         2d3       100%        4
 Petrify                  Alch/Erth      0%         N/A       100%        4
 Irradiate                Conj/Alch      0%         3d11      100%        5
 Iskenderun's Battlesphe  Conj           0%         2d6       100%        5
 Bombard                  Conj/Erth      0%         9d1       100%        6
 Enfeeble                 Hex            0%         N/A       100%        7
 Spellforged Servitor     Conj/Summ      0%         N/A       100%        7
 Summon Hydra             Summ           0%         N/A       100%        7


Dungeon Overview and Level Annotations

Branches:
Dungeon (15/15)            Temple (1/1) D:4            Lair (5/5) D:10
  Swamp (4/4) Lair:3        Snake (1/4) Lair:3        Slime (1/5) Lair:4
    Orc (2/2) D:9             Elf (0/3) Orc:2        Vaults (0/5) D:13
 Depths (0/4) D:15         Bailey (visited)         Volcano (visited)

Altars:
Ashenzari
Cheibriados
Dithmenos
Elyvilon
Fedhas
Gozag
Hepliaklqana
Kikubaaqudgha
Makhleb
Nemelex Xobeh
Okawaru
Qazlal
Ru
Sif Muna
Trog
Uskayaw
Vehumet
Wu Jian
Xom
Yredelemnul
Zin
The Shining One

Shops:
D:6 ![   D:7 :   D:8 :   D:11 =   Orc:2 (*:*

Portals:
Pandemonium: Orc:2
Trove: D:12 (give +2 shadow dragon scales)

Annotations:
D:8 exclusion: statue
Snake:1 Agnes


Innate Abilities, Weirdness & Mutations

You are small and have problems with some larger weapons.
You are completely attuned to the shadows.


Message History

The rock wall is torn apart as a wandering mushroom grows in its place. x3
You block Agnes's attack.
Agnes hits you with a +2 lajatang of speed!
The shock serpent shoots out a bolt of lightning at you!
The bolt of electricity misses you. Agnes attacks as she pursues you!
You block Agnes's attack.
The shock serpent shoots out a bolt of lightning at you!
The bolt of electricity hits you!! The bolt of electricity hits you!
Agnes completely misses you.
You shoot an arrow. The arrow misses the shock serpent.
Agnes barely misses you.
The black mamba bites your wandering mushroom.
Agnes mutters, "I could really go for a good breadfruit right now."
You block Agnes's attack.
The shock serpent bites you but does no damage.
The black mamba bites your wandering mushroom!
Agnes completely misses you.
You shoot an arrow. The arrow misses the shock serpent.
Agnes hits you but does no damage.
The black mamba bites your wandering mushroom!!
Your wandering mushroom misses the shock serpent.
Your wandering mushroom releases spores at the shock serpent.
The shock serpent is engulfed in a cloud of dizzying spores!
Agnes hits you with a +2 lajatang of speed!
The shock serpent completely misses you.
Agnes barely misses you.
The black mamba bites your wandering mushroom!!
You shoot an arrow.
The arrow closely misses the shock serpent.
The shock serpent shoots out a bolt of lightning at you!
The bolt of electricity hits you!!
* * * LOW HITPOINT WARNING * * *
The bolt of electricity hits you!!
* * * LOW HITPOINT WARNING * * *
The bolt of electricity hits the shock serpent.
The shock serpent completely resists.
Agnes hits you with a +2 lajatang of speed!!
You die...
Agnes says, "May you follow the Path of Peace in your next life."
Fedhas appreciates your contribution to the ecosystem. ∙∙∙∙∙∙∙∙∙∙∙∙∙▒ ▒∙∙∙∙∙)∙∙∙∙∙∙∙ ∙▒∙∙∙∙∙∙)∙∙∙∙∙∙ ∙∙∙∙∙∙∙∙∙▒∙∙∙∙∙)∙∙∙∙∙∙ ∙∙∙∙∙∙∙∙∙∙∙∙∙∙∙∙∙∙∙∙∙∙ ∙∙∙∙∙∙∙∙∙∙∙∙∙∙∙∙∙∙∙∙∙∙ ∙∙∙∙∙∙>∙∙∙∙∙∙∙∙∙∙∙∙∙∙∙

∙∙∙SSi∙∙∙∙▒▒∙∙∙∙∙∙∙∙▒∙
▒▒fffK∙∙▒∙∙▒∙∙∙∙∙∙∙∙∙∙
▒▒▒▒∙▒▒▒∙∙∙∙∙∙▒▒∙∙∙∙▒
▒∙∙∙▒▒▒∙∙▒▒▒▒
▒▒∙▒∙∙∙▒▒∙▒ ∙▒
▒▒∙▒▒▒∙∙∙∙∙▒ ▒∙∙▒▒∙▒▒
▒▒∙∙∙▒▒ ▒∙∙∙▒▒ ▒▒∙∙∙▒▒
▒∙∙▒∙▒▒▒▒▒∙▒▒∙∙▒▒ ▒▒▒
▒∙▒▒▒∙∙▒∙∙▒▒∙∙∙∙▒▒▒∙▒


You could see Agnes, a shock serpent (ally target), a black mamba (ally target)
and 3 friendly wandering mushrooms.

Vanquished Creatures
  Rupert (D:14)
  Mlioglotl (Snake:1)
  Frances (Swamp:1)
  Aizul (Snake:1)
  A fire giant (D:15)
  2 eleionomae
  A bunyip (Swamp:2)
  13 hydras
  Fannar (D:12)
  5 vault guards (D:13)
  4 catoblepae (Lair:5)
  2 ogre magi (D:15)
  3 anacondas (Snake:1)
  2 demonspawn (Orc:2)
  6 alligators
  5 centaur warriors
  5 death yaks (Lair:5)
  13 two-headed ogres
  A satyr (Lair:5)
  2 tengu warriors (D:15)
  2 boulder beetles
  2 spriggan berserkers
  9 orc high priests (Orc:2)
  A shock serpent (Snake:1)
  A naga sharpshooter (Snake:1)
  A skyshark (Lair:2)
  6 skeletal warriors
  A death drake (Swamp:4)
  5 mana vipers (Snake:1)
  3 goliath frogs
  A spriggan druid (Swamp:4)
  13 swamp dragons
  An arcanist (D:14)
  4 bog bodies
  3 deep elf pyromancers
  6 orc knights
  A lindwurm (shapeshifter) (D:14)
  A deep elf zephyrmancer (Bailey)
  Pikel (D:8)
  3 orc sorcerers
  2 alligator skeletons (Volcano)
  4 cyclopes
  5 manticores
  6 ugly things (D:15)
  A will-o-the-wisp (Swamp:2)
  An elephant (Lair:2)
  A naga mage (Snake:1)
  A meliai (shapeshifter) (D:15)
  10 black mambas
  Joseph (D:7)
  A cane toad (shapeshifter) (D:13)
  5 gargoyles
  3 unseen horrors
  An orange demon (Orc:2)
  A smoke demon (Orc:2)
  9 cane toads
  A yaktaur (shapeshifter) (D:14)
  2 yaktaurs
  4 rime drakes
  Jeremiah (D:8)
  A kobold demonologist (D:9)
  6 komodo dragons
  2 efreet
  3 ice devils (Orc:2)
  3 tengu conjurers
  3 trolls
  4 polar bears
  5 dream sheep (Lair:4)
  2 harpy skeletons (Volcano)
  8 tyrant leeches
  Prince Ribbit (D:8)
  10 hornets
  A raiju (shapeshifter) (D:13)
  26 blink frogs
  A shadow (D:13)
  16 slime creatures
  Sigmund (D:2)
  11 spriggans
  2 wraiths
  Grum (D:8)
  A wyvern (D:7)
  3 steam dragons
  42 yaks
  3 basilisks
  A neqoxec (Orc:2)
  2 wargs
  7 vampire mosquitoes
  12 swamp worms
  5 nagas (Snake:1)
  13 water moccasins
  Duvessa (D:7)
  5 swamp drakes
  36 orc warriors
  An ice beast (D:6)
  7 ogres
  3 black bears
  13 wolves
  14 centaurs
  A phantom (D:5)
  A weeping skull (Volcano)
  7 kobold brigands
  14 bullfrogs
  A gnoll sergeant (D:12)
  A scorpion (D:5)
  8 wights
  Dowan (D:7)
  2 killer bees (D:8)
  A spriggan skeleton (Volcano)
  A howler monkey (D:9)
  A jelly (D:6)
  22 orc priests
  3 bombardier beetles
  5 hounds
  A gnoll bouda (D:8)
  4 iguanas
  19 orc wizards
  7 hell rats (Lair:2)
  A naga skeleton (Volcano)
  15 gnolls
  9 adders
  9 river rats (Lair:2)
  2 shadow imps (D:9)
  4 ufetubi
  2 dart slugs
  3 ribbon worms
  62 orcs
  2 bats
  6 endoplasms
  3 giant cockroaches
  11 goblins
  6 hobgoblins
  16 jackals
  2 quokkas
  11 ball pythons
  2 frilled lizards (D:1)
  33 kobolds
  9 kobold skeletons (D:9)
  9 kobold zombies (D:9)
  6 rats
794 creatures vanquished.

Vanquished Creatures (collateral kills)
  Gastronok (Lair:1)
  4 hydras (Swamp:4)
  2 death yaks (Lair:5)
  A deep elf knight (D:13)
  Sonja (Orc:1)
  4 swamp dragons (Swamp:4)
  2 bog bodies (Swamp:4)
  An orc knight (Orc:2)
  An orc sorcerer (D:13)
  2 manticores (Lair:5)
  A black mamba (Lair:1)
  2 cane toads (Lair:1)
  A komodo dragon (Lair:1)
  A hornet (Swamp:1)
  4 blink frogs
  A spriggan (Swamp:1)
  19 yaks
  3 water moccasins
  2 orc warriors (Orc:2)
  3 swamp drakes (Swamp:4)
  A laughing skull (D:14)
  9 wolves (Lair:1)
  A bullfrog (Lair:1)
  3 killer bees (D:8)
  An orc priest (Orc:2)
  2 orc wizards (Orc:1)
  6 orcs
  24 ballistomycete spores
103 creatures vanquished.

Vanquished Creatures (others)
  3 shambling mangroves (Swamp:4)
  An oklob plant (Lair:5)
  A kobold demonologist (D:9)
  A bloated husk (Swamp:1)
  A water moccasin (Lair:5)
  A swamp drake (Swamp:4)
  A sky beast (D:7)
  An orc priest (D:4)
  An iguana (D:6)
  An orc (D:7)
  5 ballistomycete spores
  4 foxfires (Swamp:2)
  2 starspawn tentacles (Snake:1)
23 creatures vanquished.

Grand Total: 920 creatures vanquished

Notes
Turn   | Place    | Note
-------+----------+-------------------------------------------
     0 | D:1      | Zeor the Kobold Hunter began the quest for the Orb.
     0 | D:1      | Reached XP level 1. HP: 12/12 MP: 1/1
    83 | D:1      | Reached XP level 2. HP: 17/17 MP: 2/2
   223 | D:1      | Reached skill level 6 in Ranged Weapons
   355 | D:1      | Reached XP level 3. HP: 21/21 MP: 3/3
  1111 | D:2      | Noticed Sigmund
  1128 | D:2      | Killed Sigmund
  1129 | D:2      | Reached skill level 7 in Ranged Weapons
  1129 | D:2      | Reached skill level 1 in Armour
  1129 | D:2      | Reached XP level 4. HP: 16/27 MP: 4/4
  1129 | D:2      | Reached XP level 5. HP: 19/32 MP: 5/5
  1129 | D:2      | Reached XP level 6. HP: 22/36 MP: 6/6
  1649 | D:3      | Found a faded altar of an unknown god.
  1849 | D:3      | Reached skill level 8 in Ranged Weapons
  1872 | D:3      | Found a bloodstained altar of Trog.
  2893 | D:4      | Noticed an ogre
  2918 | D:4      | Killed an ogre
  2919 | D:4      | Reached XP level 7. HP: 41/41 MP: 7/7
  2956 | D:4      | Found an ornate altar of the Wu Jian Council.
  3012 | D:4      | Found a staircase to the Ecumenical Temple.
  3060 | Temple   | Entered the Ecumenical Temple
  3099 | Temple   | Became a worshipper of Fedhas Madash
  3397 | D:4      | Found the +2 hat of the Bear Spirit {Spirit, Bear, *Rage
                  | Will++}
  3666 | D:4      | Reached skill level 9 in Ranged Weapons
  3824 | D:5      | Entered Level 5 of the Dungeon
  3910 | D:5      | Reached skill level 5 in Dodging
  3910 | D:5      | Reached skill level 1 in Evocations
  3941 | D:5      | Noticed a water moccasin
  3953 | D:5      | Killed a water moccasin
  3954 | D:5      | Reached skill level 1 in Invocations
  3954 | D:5      | Reached XP level 8. HP: 48/48 MP: 5/8
  4168 | D:5      | Reached * piety under Fedhas
  4417 | D:5      | Found a burning altar of Makhleb.
  4419 | D:5      | Found a glowing silver altar of Zin.
  4420 | D:5      | Noticed an Executioner
  4720 | D:5      | Reached skill level 1 in Short Blades
  4754 | D:5      | Reached skill level 10 in Ranged Weapons
  4953 | D:5      | Noticed an angel
  5130 | D:5      | Found a hide-covered altar of Uskayaw.
  5130 | D:5      | Found a snail-covered altar of Cheibriados.
  5484 | D:6      | Found Zanegent's Distillery.
  5489 | D:6      | Bought a potion of berserk rage for 55 gold pieces
  5489 | D:6      | Bought a potion of resistance for 110 gold pieces
  5489 | D:6      | Bought a potion of attraction for 33 gold pieces
  5644 | D:6      | Found Raixzios's Armour Shoppe.
  5664 | D:6      | Reached XP level 9. HP: 52/52 MP: 10/10
  5780 | D:6      | Reached ** piety under Fedhas
  5787 | D:6      | Reached skill level 11 in Ranged Weapons
  6535 | D:7      | Found Jupnia's Book Shoppe.
  6591 | D:7      | Noticed Joseph
  6612 | D:7      | Killed Joseph
  6626 | D:7      | Reached XP level 10. HP: 29/58 MP: 2/13
  6787 | D:7      | Noticed Duvessa
  6787 | D:7      | Noticed Dowan
  6800 | D:7      | Killed Dowan
  6814 | D:7      | Killed Duvessa
  6815 | D:7      | Reached skill level 5 in Fighting
  6908 | D:7      | Reached skill level 5 in Short Blades
  6908 | D:7      | Reached skill level 5 in Evocations
  7444 | D:7      | Identified the +2 leather armour "Woorr" {rF- Slay+5 SInv
                  | Stlth-}
  7588 | D:8      | Noticed Jeremiah
  7598 | D:8      | Reached *** piety under Fedhas
  7708 | D:8      | Noticed Grum
  7721 | D:8      | Killed Grum
  7723 | D:8      | Reached skill level 12 in Ranged Weapons
  7831 | D:8      | Found Haez's Self-Improvement Boutique.
  7895 | D:8      | Killed Jeremiah
  7896 | D:8      | Reached skill level 5 in Invocations
  8049 | D:8      | Found a broken altar of Ashenzari.
  8061 | D:8      | Found a white marble altar of Elyvilon.
  8209 | D:8      | Noticed Prince Ribbit
  8219 | D:8      | Killed Prince Ribbit
  8257 | D:8      | Noticed Pikel
  8259 | D:8      | Killed Pikel
  8369 | D:8      | Found a radiant altar of Vehumet.
  8518 | D:9      | Reached XP level 11. HP: 64/64 MP: 11/14
  8560 | D:9      | Found a flagged portal.
  8569 | Bailey   | Entered a bailey
  8661 | Bailey   | Found a large runed translucent door.
  8675 | Bailey   | HP: 3/64 [orc warrior/+0 halberd (16)]
  8750 | Bailey   | Found a large runed translucent door.
  8750 | Bailey   | Noticed a deep elf zephyrmancer
  8756 | Bailey   | Noticed an orc knight
  8792 | Bailey   | Killed an orc knight
  9103 | Bailey   | Killed a deep elf zephyrmancer
  9476 | D:9      | Reached **** piety under Fedhas
  9478 | D:9      | Reached skill level 13 in Ranged Weapons
  9628 | D:9      | Found an ancient bone altar of Kikubaaqudgha.
  9644 | D:9      | Reached skill level 10 in Dodging
  9644 | D:9      | Reached XP level 12. HP: 72/72 MP: 15/17
  9680 | D:9      | Reached ***** piety under Fedhas
  9750 | D:9      | Reached skill level 14 in Ranged Weapons
  9932 | D:9      | Found a staircase to the Orcish Mines.
 10009 | D:9      | Noticed a centaur warrior
 10022 | D:9      | Killed a centaur warrior
 10218 | D:9      | Found a shadowy altar of Dithmenos.
 10880 | D:10     | Entered Level 10 of the Dungeon
 11166 | D:10     | Noticed a two-headed ogre
 11172 | D:10     | Killed a two-headed ogre
 11173 | D:10     | Found a staircase to the Lair.
 11380 | D:10     | Found a basalt altar of Yredelemnul.
 11526 | D:10     | Found a sacrificial altar of Ru.
 11665 | Lair:1   | Entered Level 1 of the Lair of Beasts
 11684 | Lair:1   | Reached XP level 13. HP: 67/78 MP: 15/19
 11757 | Lair:1   | Reached skill level 5 in Armour
 12108 | Lair:1   | Found the +0 toga "Victory" {*Victory Clar}
 12136 | Lair:1   | Noticed Gastronok
 12146 | Lair:1   | Reached skill level 15 in Ranged Weapons
 12147 | Lair:1   | Reached skill level 1 in Shields
 12152 | Lair:1   | Killed Gastronok
 12285 | Lair:1   | Identified the +1 pair of boots of Gozag's Benevolence
                  | {Regen+}
 12357 | Lair:1   | Reached skill level 16 in Ranged Weapons
 13224 | Lair:2   | Identified the +5 long sword "Junn" {protect, rPois}
 13476 | Lair:2   | Identified the ring "Ehae" {Fire Will+ Str+3}
 13982 | Lair:2   | Identified the +6 rapier of Cezif {freeze, rF- Will+ Int+3
                  | Stlth+}
 14691 | Lair:3   | Found a staircase to the Swamp.
 14808 | Lair:3   | Noticed a five-headed hydra
 14817 | Lair:3   | Killed a five-headed hydra
 14818 | Lair:3   | Reached XP level 14. HP: 84/84 MP: 16/21
 14932 | Lair:3   | Reached skill level 10 in Evocations
 15211 | Lair:3   | Found a staircase to the Snake Pit.
 16502 | Lair:4   | Found a staircase to the Slime Pits.
 16815 | Lair:5   | Entered Level 5 of the Lair of Beasts
 17164 | Lair:5   | Reached skill level 10 in Invocations
 17170 | Lair:5   | Reached skill level 10 in Fighting
 17434 | Lair:5   | Reached skill level 17 in Ranged Weapons
 17752 | Lair:5   | Identified the +9 orcbow of Dominance {freeze, rPois rF+
                  | MP+9}
 18053 | Lair:5   | Found a white marble altar of Elyvilon.
 18082 | Lair:5   | Reached XP level 15. HP: 93/93 MP: 22/22
 18949 | Orc:1    | Entered Level 1 of the Orcish Mines
 18950 | Orc:1    | Noticed Sonja
 18954 | Orc:1    | Killed Sonja
 19585 | Orc:2    | Entered Level 2 of the Orcish Mines
 19694 | Orc:2    | Found a staircase to the Elven Halls.
 19847 | Orc:2    | Found Resot's General Store.
 19849 | Orc:2    | Found Etoxirr's General Store.
 19917 | Orc:2    | Reached skill level 10 in Short Blades
 19945 | Orc:2    | Found an iron altar of Okawaru.
 19964 | Orc:2    | Found a dark tunnel.
 19969 | Volcano  | Entered a volcano
 20505 | Orc:2    | Bought a tin of tremorstones (2/2) for 560 gold pieces
 20505 | Orc:2    | Bought a scroll of teleportation for 42 gold pieces
 20507 | Orc:2    | Bought a scroll of identify for 20 gold pieces
 20507 | Orc:2    | Bought a scroll of teleportation for 30 gold pieces
 21491 | Orc:2    | Found Iwnevvox's Book Emporium.
 21491 | Orc:2    | Found Kuarr's Antique Weapon Shoppe.
 21630 | Orc:2    | Found a one-way gate leading to the halls of Pandemonium.
 22918 | D:11     | Reached XP level 16. HP: 100/103 MP: 24/24
 23290 | D:11     | Found Busy's Jewellery Shop.
 24094 | D:12     | Noticed Fannar
 24109 | D:12     | Killed Fannar
 24288 | D:12     | Found a portal to a secret trove of treasure.
 25952 | D:13     | Reached ****** piety under Fedhas
 26019 | D:13     | Reached skill level 18 in Ranged Weapons
 27807 | D:13     | Found a gate to the Vaults.
 28175 | D:14     | Noticed Rupert
 28181 | D:14     | Killed Rupert
 28996 | D:14     | Found a blossoming altar of Fedhas.
 29234 | Swamp:1  | Entered Level 1 of the Swamp
 29566 | Swamp:1  | Noticed Frances
 29678 | Swamp:1  | Killed Frances
 29777 | Swamp:1  | Reached XP level 17. HP: 112/112 MP: 26/26
 30327 | Swamp:2  | Found an iron altar of Okawaru.
 31015 | Swamp:3  | Reached skill level 15 in Fighting
 31443 | Swamp:4  | Entered Level 4 of the Swamp
 32437 | Swamp:4  | Got a decaying rune of Zot
 32742 | D:15     | Entered Level 15 of the Dungeon
 33066 | D:15     | Reached skill level 19 in Ranged Weapons
 33066 | D:15     | Reached XP level 18. HP: 118/120 MP: 27/27
 33215 | D:15     | Found a broken altar of Ashenzari.
 33786 | D:15     | Found a staircase to the Depths.
 34164 | Slime:1  | Entered Level 1 of the Pits of Slime
 34206 | Snake:1  | Entered Level 1 of the Snake Pit
 34405 | Snake:1  | Identified the serpent talisman of the Gloaming {rC- Str+2
                  | Int+2 Dex+5}
 34405 | Snake:1  | Noticed Aizul
 34410 | Snake:1  | Noticed Mlioglotl
 34421 | Snake:1  | Killed Aizul
 34439 | Snake:1  | Killed Mlioglotl
 35011 | Snake:1  | Noticed Agnes
 35019 | Snake:1  | HP: 5/121 [shock serpent/bolt of electricity (21)]
 35019 | Snake:1  | Demolished by Agnes

Illustrated notes

Levels and vault maps discovered:
D:1:      amcnicky_arrival_abandoned_market, layout_basic, hex_medium
D:2:      layout_basic, minivault_25, uniq_sigmund
D:3:      layout_loops_ring, mainiacjoe_overflow_cross_hatched,
          chequers_ecumenical_altar_grove, grunt_decor_junction
D:4:      layout_gridville, nzn_wu_jian_contemplation,
          minmay_temple_entry_drinking_statues
D:5:      layout_loops_corners, grunt_temple_overflow_order_and_chaos_2,
          gammafunk_temple_overflow_pools, bh_walls_and_bars
D:6:      cheibrodos_helix_gallery, layout_rooms, serial_shops, shop,
          nicolae_shop_real_fake_doors, minivault_5
D:7:      layout_basic, serial_shops, nicolae_stop_n_shop_1,
          minmay_misc_feat_four_crosses, minmay_misc_feat_plants, uniq_joseph,
          uniq_duvessa
D:8:      layout_cave_pools, vehumet_statue,
          mainiacjoe_overflow_large_starburst, nicolae_shop_self_help,
          uniq_grum, uniq_jeremiah, uniq_pikel, uniq_prince_ribbit1
D:9:      wander_kiku_kobolds, layout_basic, grunt_dithmenos_smoke_and_mirrors,
          minmay_orc_entry_guard_dogs, enter_bailey_3
D:10:     layout_roguey, general_overflow_altar, kennysheep_mini,
          lair_entry_dummy
D:11:     layout_layer_cave, serial_shops, nicolae_shop_peninsula,
          minmay_fountain_box, amcnicky_mini_pool_small,
          minmay_misc_feat_enclosed
D:12:     layout_basic, enter_trove_1, uniq_fannar
D:13:     layout_long_grid, grunt_vaults_entry_fortified
D:14:     layout_roguey, fedhas_altar_fruit_tree, minmay_circle_x, uniq_rupert
D:15:     grunt_enter_depths_giant_problem, layout_gridville,
          evilmike_ruin_ashenzari
Temple:   compressed_dpeg_circular_temple
Lair:1:   layout_hall_layers, chequers_serial_rivers_small_b,
          lemuel_fruit_fields, uniq_gastronok
Lair:2:   wad_woods_04, layout_misc_corridors, kennysheep_rathole
Lair:3:   layout_roguey, swamp_mist_pool, minmay_snake_entry_six_corridors
Lair:4:   layout_regular_city, slime_entry_1, serial_bayou_shore_b
Lair:5:   evilmike_catoblepas_cave, layout_long_grid, basic_altar, st_stairs_3,
          chequers_serial_rivers_micro_d, hibernation_bobbens, lemuel_fruit_tree
Swamp:1:  layout_falls_marsh, evilmike_swamp_ruin_house_2,
          infiniplex_staircase_pool_2, uniq_frances
Swamp:2:  layout_basic_swamp, nicolae_swamp_godswood
Swamp:3:  layout_basic_swamp, evilmike_swamp_ruin_house_1
Swamp:4:  swamp_basic_johnstein, layout_basic_swamp
Snake:1:  layout_chambers, grunt_ministairs_3, st_stairs_9, uniq_aizul,
          uniq_mlioglotl, uniq_agnes, uniq_asterion
Slime:1:  layout_caves, nicolae_slime_barrier
Orc:1:    layout_caves, uniq_sonja
Orc:2:    pf_orc_diabolical, layout_caves, enter_volcano_4,
          okawaru_metal_pillars_1_2

Skill      XL: |  1  2  3  4  5  6  7  8  9 10 11 12 13 14 15 16 17 18 |
---------------+-------------------------------------------------------+-----
Ranged Weapons | 6 7 8 9 10 11 12 13 14 16 17 18 19 | 19.3
Dodging        | 3 4 5 7 8 10 11 12 13 14 | 14.7
Armour         | 1 2 3 4 5 6 7 |  7.1
Fighting       | 3 4 5 7 8 10 12 14 15 16 | 16.3
Evocations     | 1 2 4 6 8 9 11 12 13 14 | 14.0
Invocations    | 1 2 4 5 7 8 9 10 11 12 13 | 13.1
Stealth        | 2 3 4 |  4.8
Short Blades   | 1 4 5 6 7 8 9 10 11 | 11.3
Shields        | 1 2 3 |  3.2

Action                     |  1- 3 |  4- 6 |  7- 9 | 10-12 | 13-15 | 16-18 || total
---------------------------+-------+-------+-------+-------+-------+-------++-------
  Melee: Dagger            |       |       |   203 |   187 |       |       ||   390
         Punch             |       |       |     5 |     6 |     8 |     2 ||    21
         Short sword       |       |       |       |   145 |    70 |       ||   215
         Rapier            |       |       |       |       |   391 |   196 ||   587
   Fire: Shortbow          |    89 |   139 |   200 |   306 |       |       ||   734
         Orcbow            |       |       |       |    63 |   850 |   792 ||  1705
 Invoke: Wall of Briars    |       |       |       |     2 |     6 |       ||     8
         Overgrow          |       |       |       |       |     5 |     3 ||     8
         Grow Ballistomyce |       |       |       |       |     3 |     2 ||     5
         Grow Oklob        |       |       |       |       |     2 |     3 ||     5
  Evoke: Wand              |       |       |     2 |     6 |     4 |     3 ||    15
         Phantom mirror    |       |       |       |       |     1 |     2 ||     3
         Tin of tremorston |       |       |       |       |       |     1 ||     1
    Use: Scroll            |     6 |     5 |     9 |     4 |     6 |     3 ||    33
         Potion            |     2 |       |     1 |     4 |     2 |     2 ||    11
   Stab: Sleeping          |       |       |     2 |     1 |     2 |       ||     5
         Distracted        |       |       |       |       |     1 |     1 ||     2
         Confused          |       |       |       |       |     1 |       ||     1
 Armour: Leather armour    |    14 |    40 |    67 |       |       |     3 ||   124
         Ring mail         |       |       |    47 |   167 |   288 |   250 ||   752
  Dodge: Dodged            |    31 |    79 |   245 |   483 |   710 |   377 ||  1925
  Block: Other             |       |       |       |    34 |   145 |    77 ||   256
         Reflection        |       |       |       |     3 |       |    13 ||    16
